cohdb
Replays
Latest Replays
All Replays
Popular Replays
Top Player Replays
Match Explorer
How It Works
Community
CoH3 Stats
Reddit
Sign in to upload your games and track your stats! →
Sign in with Steam
Match 47276350
Unlisted
Match 47276350
Overview
Messages
Build Orders
End
Panzergrenadier Squad
Selects Armored Support Battlegroup
250 Light Carrier
Panzergrenadier Squad
Construct Light Support Kompanie
Selects Veteran Gunners
MG34 Team
Assault Grenadier Squad
Fire Support Elements
Flakvierling Half-track
Selects Flammpanzer III Medium Tank
2.5-tonne Medical Truck
Selects Salvage Kits
Construct Panzerarmee Kommand
le.IG 18 Mechanized Group
Selects Command Panzer IV F Medium Tank
Walking Stuka Rocket Launcher
Command Panzer IV F Medium Tank
Selects Panzer Storm
Armored Reserves
Vehicle Survival Package
Selects Stuka Dive Bomb
Tiger Heavy Tank
Stuka Dive Bomb
Rapid Advance
Stuka Dive Bomb
Command Panzer IV F Medium Tank
Stuka Dive Bomb
大笨象
Everlast
lemerman9
gabman6
0
0
Comments
sign in to comment!
No comments posted yet!